 Dungeon Crawl Stone Soup version 0.21.1-1-g345015f (webtiles) character file.

56 glosham the Chopper (level 3, -8/31 HPs)
             Began as a Hill Orc Fighter on Apr 29, 2018.
             Killed by nerve-wracking pain
             ... invoked by a shadow imp
             ... summoned by Natasha
              (14 damage)
             ... on level 2 of the Dungeon.
             The game lasted 00:05:41 (253 turns).

glosham the Chopper (Hill Orc Fighter)               Turns: 253, Time: 00:05:43

Health: -8/31      AC: 11    Str: 19    XL:     3   Next: 97%
Magic:  0/3        EV:  5    Int:  8    God:
Gold:   32         SH:  9    Dex: 10    Spells: 2/2 levels left

rFire    . . .     SeeInvis .   a - +0 war axe
rCold    . . .     Gourm    .   Z - +0 shield
rNeg     . . .     Faith    .   X - +0 chain mail
rPois    .         Spirit   +   (no helmet)
rElec    .         Reflect  .   Y - scarf {Spirit}
rCorr    .         Harm     .   V - +1 pair of gloves
MR       .....                  (no boots)
Stlth    ..........             (no amulet)
HPRegen  0.10/turn              (no ring)
MPRegen  0.08/turn              (no ring)

@: slowed, very slow
A: no striking features
a: no special abilities


You were on level 2 of the Dungeon.
You were not hungry.

You visited 1 branch of the dungeon, and saw 2 of its levels.

You collected 32 gold pieces.

Inventory:

Hand Weapons
 a - a +0 war axe (weapon)
Armour
 V - a +1 pair of gloves (worn)
 X - a +0 chain mail (worn)
 Y - a scarf of spirit shield (worn)
 Z - a +0 shield (worn)
Scrolls
 h - 2 scrolls of fog
Potions
 g - a potion of lignification {unknown}
 i - a potion of invisibility {unknown}
Comestibles
 b - a ration


   Skills:
 - Level 3.6 Fighting
 * Level 5.5 Axes
 - Level 3.2 Armour
 - Level 3.2 Shields


You had 2 spell levels left.
You didn't know any spells.

Dungeon Overview and Level Annotations

Branches:
Dungeon (2/15)

Altars:

Annotations:
D:2 Natasha


Message History

You slash the bat!
You kill the bat!
You block the shadow imp's attack.
Natasha casts a spell.
You block the shadow imp's attack.
You closely miss Natasha. You barely miss the ooze.
You closely miss the crimson imp. You hit the shadow imp.
The ooze hits you but does no damage. Natasha claws you.
The shadow imp hits you but does no damage.
You block the crimson imp's attack. Natasha casts a spell at you.
The magic dart hits you! You block the ooze's attack.
A rat comes into view.
You hit Natasha but do no damage. You hit the shadow imp.
You closely miss the crimson imp. You hit the ooze.
You block the shadow imp's attack. The crimson imp completely misses you.
The ooze hits you but does no damage.
Natasha stares at you and mumbles some strange words.
You feel yourself slow down.
The shadow imp hits you but does no damage.
You hit Natasha.
Natasha is moderately wounded.
You hit the ooze but do no damage.
You hit the crimson imp but do no damage.
Your shield and chain mail prevent you from hitting the shadow imp.
You block the crimson imp's attack. The ooze hits you but does no damage.
Natasha barely misses you. You block the shadow imp's attack.
The crimson imp puffs mist at you. The crimson imp closely misses you.
Natasha claws you!
* * * LOW HITPOINT WARNING * * *
The ooze hits you but does no damage. The shadow imp spits at you.
The shadow imp hits you but does no damage.
You hit Natasha.
Natasha is severely wounded.
You hit the ooze. You hit the crimson imp. You hit the shadow imp.
You block the crimson imp's attack. The ooze hits you but does no damage.
Natasha mumbles some strange words.
The shadow imp gestures at you. Pain shoots through your body!
You die...

#..........
#.............. ...
#.................. ...
#.......... ...... ...#
#?........###..... ...#
#........###.)r#.##...# .
#............5.#.#...# .#
#...###.......h#J..#.#.#
#...# #.....5@.......##
#...# ##......5..!.....
##..†## ##...............
......# #................
......####........#####...
...............>### #.
.........#......#
.......)........##
..............#[.#


You could see Natasha, a crimson imp, an ooze, 2 shadow imps and a rat.

Vanquished Creatures
  Terence (D:2)
  2 adders (D:2)
  A giant cockroach (D:1)
  2 hobgoblins (D:1)
  4 jackals (D:2)
  A quokka (D:2)
  A bat (D:2)
  A kobold (D:1)
13 creatures vanquished.

Notes
Turn   | Place    | Note
-------+----------+-------------------------------------------
     0 | D:1      | glosham the Hill Orc Fighter began the quest for the Orb.
     0 | D:1      | Reached XP level 1. HP: 19/19 MP: 1/1
    10 | D:1      | Reached skill level 3 in Axes
   139 | D:2      | Noticed Terence
   147 | D:2      | Reached skill level 4 in Axes
   147 | D:2      | Reached XP level 2. HP: 26/26 MP: 2/2
   148 | D:2      | Killed Terence
   148 | D:2      | Reached skill level 5 in Axes
   148 | D:2      | Reached XP level 3. HP: 31/31 MP: 3/3
   242 | D:2      | Noticed Natasha
   253 | D:2      | Killed from afar by a shadow imp

Skill      XL: |  1  2 |
---------------+-------+-----
Axes           | 4 5 |  5.5
Fighting       | |  3.6
Armour         | |  3.2
Shields        | |  3.2

Action                   || total
-------------------------++-------
Melee: War axe           ||    45
  Use: Potion            ||     2
       Scroll            ||     2
Armor: Scale mail        ||     2
       Chain mail        ||    25
Dodge: Dodged            ||    16
Block: Shield            ||    24

Table legend:
 A = Turns spent in this place as a percentage of turns spent in the entire game.
 B = Non-inter-level travel turns spent in this place as a percentage of non-inter-level travel turns spent in the entire game.
 C = Inter-level travel turns spent in this place as a percentage of turns spent in this place.
 D = Turns resting spent in this place as a percentage of non-inter-level travel turns spent in this place.
 E = Turns spent auto-exploring this place as a percentage of non-inter-level travel turns spent in this place.
 F = Non-inter-level travel turns spent in this place divided by the number of levels of this place that you've seen.
                   A       B       C       D       E      F
               +-------+-------+-------+-------+-------+----------------------
         Total | 100.0 | 100.0 |   0.0 |   0.0 |   0.0 | 126.5
       Dungeon | 100.0 | 100.0 |   0.0 |   0.0 |   0.0 | 126.5
               +-------+-------+-------+-------+-------+----------------------

Table legend:
 A = Kills in this place as a percentage of kills in entire the game.
 B = Kills by you in this place as a percentage of kills by you in the entire game.
 C = Kills by friends in this place as a percentage of kills by friends in the entire game.
 D = Other kills in this place as a percentage of other kills in the entire game.
 E = Experience gained in this place as a percentage of experience gained in the entire game.
 F = Experience gained in this place divided by the number of levels of this place that you have seen.
                   A       B       C       D       E      F
               +-------+-------+-------+-------+-------+----------------------
         Total | 100.0 | 100.0 |   N/A |   N/A | 100.0 |  40.5
       Dungeon | 100.0 | 100.0 |   N/A |   N/A | 100.0 |  40.5
               +-------+-------+-------+-------+-------+----------------------

Vault maps used:
D:1:      eino_arrival_cavern_d, st_stairs_14
D:2:      chequers_ecumenical_altar_island, serial_glass, glass_columns_a,
          glass_columns_a, kennysheep_generic_room_14, uniq_natasha,
          uniq_terence, uniq_crazy_yiuf_cottage
